 Dungeon Crawl Stone Soup version 0.23-a0-650-ga4d50d4 (console) character file.

28 Duffy the Firebug (level 3, 28/28 HPs)
             Began as a Demonspawn Fire Elementalist on Jan 6, 2019.
             Quit the game on level 1 of the Dungeon.
             The game lasted 00:00:40 (761 turns).

Duffy the Firebug (Demonspawn Fire Elementalist)     Turns: 761, Time: 00:00:41

Health: 28/28      AC:  2    Str:  8    XL:     3   Next: 0%
Magic:  6/6        EV: 12    Int: 17    God:
Gold:   23         SH:  0    Dex: 13    Spells: 5/6 levels left

rFire    . . .     SeeInvis .   d - +0 short sword (elec)
rCold    . . .     Gourm    .   (no shield)
rNeg     . . .     Faith    .   a - +0 robe
rPois    .         Spirit   .   (helmet restricted)
rElec    .         Reflect  .   (no cloak)
rCorr    .         Harm     .   (no gloves)
MR       .....                  (no boots)
Stlth    ++........             (no amulet)
HPRegen  0.09/turn              (no ring)
MPRegen  0.10/turn              (no ring)

@: no status effects
A: antennae 1, spiny 1
a: no special abilities


You were on level 1 of the Dungeon.
You were not hungry.

You visited 1 branch of the dungeon, and saw 1 of its levels.

You collected 23 gold pieces.

Inventory:

Hand Weapons
 d - a +0 short sword of electrocution (weapon)
Armour
 a - a +0 robe (worn)
Scrolls
 f - a scroll of blinking {unknown}
 i - a scroll of fog {unknown}
Potions
 b - a potion of curing {unknown}
 e - 2 potions of mutation {unknown}
 g - a potion of lignification {unknown}
 j - a potion of might {unknown}
 k - 2 potions of heal wounds {unknown}
Comestibles
 c - 2 rations
 h - a chunk of flesh


   Skills:
 + Level 2.5 Fighting
 - Level 1.7 Dodging
 - Level 1.7 Stealth
 - Level 2.0 Spellcasting
 - Level 1.0 Conjurations
 - Level 2.7 Fire Magic


You had 5 spell levels left.
You knew the following spells:

 Your Spells              Type           Power        Failure   Level  Hunger
h - Flame Tongue          Conj/Fire      #....        9%          1    #......

Your spell library contained the following spells:

 Spells                   Type           Power        Failure   Level  Hunger
 Throw Flame              Conj/Fire      #.....       14%         2    ###....
 Conjure Flame            Conj/Fire      #.......     26%         3    ###....
 Inner Flame              Hex/Fire       #.......     32%         3    ###....
 Sticky Flame             Conj/Fire      #.......     65%         4    #####..
 Fireball                 Conj/Fire      #.........   94%         5    ######.


Dungeon Overview and Level Annotations

Branches:
Dungeon (1/15)

Altars:


Innate Abilities, Weirdness & Mutations

You have a pair of small antennae on your head.
You are partially covered in sharp spines.


Message History

No target in view!
All of the chunks of flesh in your inventory have rotted away.
You butcher the dart slug corpse.
h - a chunk of flesh
There is a stone staircase leading down here. x2
You open the door.
A rat and a goblin come into view.
The goblin shouts!
There is an open door here.
There are monsters nearby!
There are monsters nearby!
The goblin closely misses you.
You hit the goblin. Lightning courses through the goblin!
You kill the goblin!
You have reached level 3!
Your experience leads to an increase in your attributes!
Increase (S)trength, (I)ntelligence, or (D)exterity?
You feel clever.
Your demonic ancestry asserts itself...
Sharp spines emerge from parts of your body.
Are you sure you want to abandon this character and quit the game? (Confirm

############
#..........#
#......!...+
#....r.@...#.#
########'#.#.#
#.#...###
#>.......
#####.#.#####
###.......#
#.......###
#.......#
#.......#


You could see a rat.

Vanquished Creatures
  4 dart slugs (D:1)
  A giant cockroach (D:1)
  A hobgoblin (D:1)
  2 kobolds (D:1)
  2 bats (D:1)
  2 frilled lizards (D:1)
  6 goblins (D:1)
  3 rats (D:1)
21 creatures vanquished.

Notes
Turn   | Place    | Note
-------+----------+-------------------------------------------
     0 | D:1      | Duffy the Demonspawn Fire Elementalist began the quest for
                  | the Orb.
     0 | D:1      | Reached XP level 1. HP: 13/13 MP: 3/3
   129 | D:1      | Reached skill level 1 in Fighting
   133 | D:1      | Gained mutation: You have a pair of small antennae on your
                  | head. [demonic ancestry]
   133 | D:1      | Reached XP level 2. HP: 9/21 MP: 5/5
   760 | D:1      | Gained mutation: You are partially covered in sharp spines.
                  | [demonic ancestry]
   760 | D:1      | Reached XP level 3. HP: 28/28 MP: 6/6
   761 | D:1      | Quit the game

Vault maps used:
D:1:      saegor_arrival_miasma, minivault_23, minmay_pentomino_u2

Skill      XL: |  1  2 |
---------------+-------+-----
Fighting       | 1 2 |  2.5
Dodging        | |  1.7
Stealth        | |  1.7
Spellcasting   | |  2.0
Conjurations   | |  1.0
Fire Magic     | |  2.7

Action                   || total
-------------------------++-------
Melee: Short sword       ||    46
 Cast: Flame Tongue      ||     2
 Stab: Sleeping          ||     3
Armor: Robe              ||     8
Dodge: Dodged            ||    21

Table legend:
 A = Non-vault XP
 B = Vault XP
 C = Vault XP percentage of total XP
 D = Non-vault monster count
 E = Vault monster count
 F = Vault count percentage of total count
                 A         B        C        D         E       F
            +---------+---------+-------+---------+---------+-------
      Total |      36 |       5 |  12.2 |      19 |       2 |   9.5
            +---------+---------+-------+---------+---------+-------
        D:1 |      36 |       5 |  12.2 |      19 |       2 |   9.5
            +---------+---------+-------+---------+---------+-------
